 Dungeon Crawl Stone Soup version 0.29-a0-1033-gb6c65ffae6 (webtiles) character file.

Game seed: 16741305064898131667

1283 Zonian the Purveyor of Pain (level 8, 0/42 (52) HPs)
             Began as a Demonspawn Necromancer on Aug 14, 2022.
             Was an Initiate of Kikubaaqudgha.
             Slain by a wight
             ... wielding a +0 hand axe
              (3 damage)
             ... on level 6 of the Dungeon.
             The game lasted 00:15:11 (6748 turns).

Zonian the Purveyor of Pain (DsNe)                  Turns: 6748, Time: 00:15:11

HP:   0/42 (52)     AC:  7    Str:  9    XL:     8   Next: 29%
MP:   17/17         EV: 12    Int: 19    God:    Kikubaaqudgha [......]
Gold: 68            SH:  5    Dex: 13    Spells: 6/19 levels left

rFire   . . .      SeeInvis .   z - +4 dagger (pain)
rCold   . . .      Faith    .   (no shield)
rNeg    . . .      Spirit   .   a - +0 robe
rPois   .          Reflect  +   y - +0 helmet
rElec   .          Harm     .   (no cloak)
rCorr   .          Rampage  .   n - +1 pair of gloves
Will    .....                   (no boots)
Stlth   ++........              r - amulet of reflection
HPRegen 0.14/turn               (no ring)
MPRegen 0.15/turn               (no ring)

@: about to teleport, heavily drained
A: claws 1, slimy green scales 1, demonic guardian 1, powered by death 2
a: Renounce Religion


You were on level 6 of the Dungeon.
You worshipped Kikubaaqudgha.
Kikubaaqudgha was noncommittal.
You visited 2 branches of the dungeon, and saw 7 of its levels.

You collected 296 gold pieces.
You spent 228 gold pieces at shops.

Inventory:

Hand Weapons
 k - a +6 dagger
 l - a +2 hand axe of freezing
 z - a +4 dagger of pain (weapon)
 B - a +2 short sword of venom
 C - a +2 dagger of venom
Missiles
 e - 3 datura-tipped darts
 q - 5 poisoned darts
Armour
 a - a +0 robe (worn)
 h - a +1 hat
 n - a +1 pair of gloves (worn)
 y - a +0 helmet (worn)
 A - a +1 ring mail of cold resistance
Jewellery
 c - a +6 ring of strength
 r - an amulet of reflection (around neck)
Wands
 p - a wand of flame (6)
 v - a wand of polymorph (18)
 w - a wand of quicksilver (20)
Scrolls
 d - 2 scrolls of immolation
 i - 2 scrolls of magic mapping
 D - a scroll of noise
Potions
 b - a potion of magic
 f - 3 potions of degeneration
 g - a potion of lignification {unknown}
 j - 5 potions of curing
 m - 3 potions of resistance
 o - 5 potions of brilliance
 s - 3 potions of might {unknown}
 u - 2 potions of attraction {unknown}
 x - a potion of cancellation {unknown}
 E - a potion of heal wounds


   Skills:
 - Level 2.7 Dodging
 - Level 2.8 Stealth
 + Level 6.4 Spellcasting
 + Level 8.6 Necromancy


You had 6 spell levels left.
You knew the following spells:

 Your Spells              Type           Power      Damage    Failure   Level
a - Necrotise             Necr           100%       1d9       1%          1
b - Vampiric Draining     Necr           39%        2d8       1%          3
c - Animate Dead          Necr           39%        N/A       3%          4
d - Agony                 Necr           39%        N/A       9%          5

Your spell library contained the following spells:

 Spells                   Type           Power      Damage    Failure   Level


Dungeon Overview and Level Annotations

Branches:
Dungeon (6/15)             Temple (1/1) D:6

Altars:
Cheibriados
Dithmenos
Hepliaklqana
Kikubaaqudgha
Makhleb
Okawaru
Qazlal
Ru
Uskayaw
Vehumet

Shops:
D:4 ::=*!

Annotations:
D:3 3 runed translucent doors, wingedge's ghost, amateur HuWn


Innate Abilities, Weirdness & Mutations

You have sharp fingernails.
You are partially covered in slimy green scales. (AC +2)
A weak demonic guardian rushes to your aid.
You regenerate health from kills.


Message History

You barely miss the wight. The wight hits you with a +0 hand axe.
You feel drained.
You barely miss the wight. The wight barely misses you.
You hit the wight but do no damage. You block the wight's attack.
You hit the wight but do no damage. The wight hits you with a +0 hand axe!
You feel drained.
You closely miss the wight. The wight hits you with a +0 hand axe!
You barely miss the wight. The wight barely misses you.
You completely miss the wight. The wight hits you with a +0 hand axe.
Unknown command.
You hit the wight but do no damage. You block the wight's attack.
You hit the wight but do no damage. You block the wight's attack.
Unknown command.
Casting: Necrotise (safe; 1% risk of failure)
Confirm with . or Enter, or press ? or * to list all spells.
Okay, then.
Okay, then.
Okay, then.
Okay, then.
You hit the wight but do no damage. The wight hits you with a +0 hand axe.
You feel drained.
You completely miss the wight. The wight barely misses you.
Unknown command.
You barely miss the wight. The wight hits you with a +0 hand axe.
You feel drained.
You hit the wight but do no damage. You block the wight's attack.
You closely miss the wight. The wight hits you with a +0 hand axe!
* * * LOW HITPOINT WARNING * * *
You feel drained.
* * * LOW HITPOINT WARNING * * *
Unknown command.
As you read the scroll of teleportation, it crumbles to dust.
You feel strangely unstable. The wight hits you with a +0 hand axe!
* * * LOW HITPOINT WARNING * * *
A demonic guardian appears!
You feel drained.
* * * LOW HITPOINT WARNING * * *
Unknown command.
The wight attacks as you move away! The wight hits you with a +0 hand axe.
You die...
Kikubaaqudgha rasps: "You have failed me!
Welcome... death!"

.....### #......##
#......' #......
## #..... #.. ....
.. . ##'###.#....
#..@z.5.....
#..###.#.... #..#
.# . #..# #.#..
#..# #.#.# #..#
#.#.##+##
#..###.#)....#
##............#
#~............####


You could see a wight (ally target) and a friendly iron imp (summoned).

Vanquished Creatures
  A sky beast (D:4)
  An ice beast (D:5)
  2 black bears
  An ogre (D:4)
  A phantom (D:4)
  2 necrophages (D:4)
  A scorpion (D:4)
  A howler monkey (D:5)
  2 jellies (D:5)
  4 hounds
  2 orc wizards
  Natasha (thrice) (D:4)
  An iguana (D:5)
  Robin (D:2)
  6 gnolls
  6 adders
  A worm (D:4)
  A dart slug (D:5)
  10 orcs
  11 ball pythons
  7 endoplasms
  2 giant cockroaches
  16 goblins
  5 hobgoblins
  2 jackals (D:4)
  A quokka (D:3)
  A bat (D:2)
  2 frilled lizards (D:3)
  10 kobolds
  7 rats
111 creatures vanquished.

Vanquished Creatures (collateral kills)
  A gnoll (D:5)
  A hobgoblin (D:1)
2 creatures vanquished.

Grand Total: 113 creatures vanquished

Notes
Turn   | Place    | Note
-------+----------+-------------------------------------------
     0 | D:1      | Zonian the Demonspawn Necromancer began the quest for the
                  | Orb.
     0 | D:1      | Reached XP level 1. HP: 13/13 MP: 3/3
   327 | D:1      | Found a faded altar of an unknown god.
   327 | D:1      | Noticed a hell beast
   775 | D:1      | Gained mutation: You regenerate a little health from kills.
                  | [demonic ancestry]
   775 | D:1      | Reached XP level 2. HP: 19/19 MP: 1/5
  1888 | D:2      | Gained mutation: You regenerate health from kills. [demonic
                  | ancestry]
  1888 | D:2      | Reached XP level 3. HP: 24/24 MP: 6/6
  2216 | D:2      | Noticed Robin
  2253 | D:2      | Killed Robin
  2836 | D:3      | Gained mutation: You are partially covered in slimy green
                  | scales. (AC +2) [demonic ancestry]
  2836 | D:3      | Reached XP level 4. HP: 30/30 MP: 4/7
  2841 | D:3      | Reached skill level 5 in Necromancy
  2939 | D:3      | Found a runed translucent gate.
  2941 | D:3      | Found a runed translucent gate.
  2941 | D:3      | Found a runed translucent gate.
  2944 | D:3      | Noticed wingedge's ghost (amateur HuWn)
  3186 | D:3      | Learned a level 3 spell: Vampiric Draining
  3198 | D:3      | Found a hide-covered altar of Uskayaw.
  3310 | D:3      | Gained mutation: You have sharp fingernails. [demonic
                  | ancestry]
  3310 | D:3      | Reached XP level 5. HP: 35/35 MP: 9/9
  3746 | D:4      | Found Omileog's Assorted Antiques.
  3763 | D:4      | Bought a clear potion for 24 gold pieces
  3763 | D:4      | Bought a silvery potion for 24 gold pieces
  3763 | D:4      | Bought a fizzy golden potion for 24 gold pieces
  3763 | D:4      | Bought a clear potion for 24 gold pieces
  4070 | D:4      | Found a sacrificial altar of Ru.
  4140 | D:4      | Found Lemao's Distillery.
  4155 | D:4      | Bought a potion of heal wounds for 60 gold pieces
  4155 | D:4      | Bought a potion of curing for 36 gold pieces
  4155 | D:4      | Bought a potion of curing for 36 gold pieces
  4233 | D:4      | Found Onial's Jewellery Boutique.
  4233 | D:4      | Noticed Natasha
  4238 | D:4      | Killed Natasha
  4239 | D:4      | Reached XP level 6. HP: 40/41 MP: 6/11
  4307 | D:4      | Reached skill level 6 in Necromancy
  4397 | D:4      | Found Bengefe's Book Boutique.
  4419 | D:4      | Found Mityqot's Book Shop.
  4722 | D:4      | Reached XP level 7. HP: 44/46 MP: 12/14
  4812 | D:4      | Noticed Natasha
  4818 | D:4      | Killed Natasha
  4819 | D:4      | Reached skill level 7 in Necromancy
  4902 | D:5      | Entered Level 5 of the Dungeon
  4934 | D:4      | Noticed Natasha
  4937 | D:4      | Killed Natasha
  4962 | D:4      | Reached skill level 5 in Spellcasting
  5298 | D:4      | Learned a level 4 spell: Animate Dead
  5685 | D:5      | Reached skill level 8 in Necromancy
  5834 | D:5      | Gained mutation: A weak demonic guardian rushes to your
                  | aid. [demonic ancestry]
  5834 | D:5      | Reached XP level 8. HP: 52/52 MP: 6/16
  6074 | D:5      | Learned a level 5 spell: Agony
  6670 | D:6      | Found a staircase to the Ecumenical Temple.
  6682 | Temple   | Entered the Ecumenical Temple
  6688 | Temple   | Became a worshipper of Kikubaaqudgha
  6748 | D:6      | Slain by a wight

Illustrated notes

Levels and vault maps discovered:
D:1:      matt_arrival_grand_opening, layout_loops_corners,
          dreamdust_ecumenical_altar_sealed_demon, minmay_misc_feat_x,
          minmay_misc_feat_encased, solitary_fountain, chequers_avenue
D:2:      layout_basic, kennysheep_decorative_pillar, uniq_robin
D:3:      layout_basic, nicolae_uskayaw_dance_hall, ebering_ghost_rock_garden
D:4:      layout_gridville, nicolae_overflow_hidden_temple, serial_shops,
          nicolae_shop_statue_plus, shop, shop_fountains, shop, shop,
          chequers_jeans, uniq_natasha
D:5:      layout_rooms, chequers_serial_rivers_large_a, nrook_mini_vaults
D:6:      cheibrodos_thug_alley, layout_basic,
          minmay_temple_entry_drinking_statues
Temple:   eino_narrow_crystal_temple

Skill      XL: |  1  2  3  4  5  6  7  8 |
---------------+-------------------------+-----
Stealth        | 2 |  2.8
Dodging        | 2 |  2.7
Necromancy     | 5 6 8 |  8.6
Spellcasting   | 3 4 5 6 |  6.4

Action                   |  1- 3 |  4- 6 |  7- 9 || total
-------------------------+-------+-------+-------++-------
Melee: Unarmed           |    12 |       |       ||    12
       Hand axe          |    38 |       |       ||    38
       Dagger            |     9 |   123 |    65 ||   197
       Punch             |       |     1 |     1 ||     2
 Cast: Necrotise         |    29 |    37 |    50 ||   116
       Vampiric Draining |       |       |     3 ||     3
Evoke: Wand              |       |       |     4 ||     4
  Use: Scroll            |     5 |     6 |     3 ||    14
       Potion            |       |       |     2 ||     2
 Stab: Sleeping          |     4 |     6 |     1 ||    11
Armor: Robe              |    18 |    44 |    46 ||   108
Dodge: Dodged            |    42 |    66 |    52 ||   160
Block: Other             |     5 |    20 |    31 ||    56
       Reflection        |       |       |     2 ||     2

Table legend: (Time is in decaauts)
 A = Elapsed time spent in this place.
 B = Non-inter-level travel time spent in this place.
 C = Inter-level travel time spent in this place.
 D = Time resting spent in this place.
 E = Time spent auto-exploring this place.
 F = Levels seen in this place.
 G = Mean time per level.
                   A        B        C        D        E       F      G
               +--------+--------+--------+--------+--------+-----+--------+
         Total |   6777 |   6579 |    198 |   2212 |   3127 |   7 |  968.1 |
       Dungeon |   6756 |   6558 |    198 |   2212 |   3124 |   6 | 1126.0 |
        Temple |     20 |     20 |      0 |      0 |      3 |   1 |   20.0 |
               +--------+--------+--------+--------+--------+-----+--------+

Top non-repeatable levels by time:
     D:4: 1795 daAuts
     D:1: 1634 daAuts
     D:3: 1225 daAuts
     D:5: 1154 daAuts
     D:2: 884 daAuts
     D:6: 61 daAuts
  Temple: 20 daAuts
